 Dungeon Crawl Stone Soup version 0.29.1-15-g9cfb28693d (webtiles) character file.

Game seed: 4355403940205694445

140 monsoonserge the Trooper (level 5, -6/42 HPs)
             Began as a Formicid Abyssal Knight on May 1, 2023.
             Was a Priest of Lugonu.
             Mangled by an iguana (7 damage)
             ... on level 4 of the Dungeon.
             The game lasted 00:09:58 (3326 turns).

monsoonserge the Trooper (Formicid Abyssal Knight)  Turns: 3326, Time: 00:09:59

Health: -6/42      AC: 13    Str: 20    XL:     5   Next: 47%
Magic:  7/7        EV:  6    Int:  9    God:    Lugonu [***...]
Gold:   177        SH:  0    Dex: 14    Spells: 4/4 levels left

rFire   . . .      SeeInvis +   a - +1 hand axe
rCold   . . .      Faith    .   (no shield)
rNeg    . . .      Spirit   .   i - +0 plate armour
rPois   .          Reflect  .   (helmet unavailable)
rElec   .          Harm     .   n - +0 cloak
rCorr   .          Rampage  .   (no gloves)
Will    .....                   j - +0 pair of boots
Stlth   ..........              (no amulet)
HPRegen 0.14/turn               s - ring of flight
MPRegen 0.10/turn               (no ring)

@: flying
A: permanent stasis, dig shafts and tunnels, antennae 3, four strong arms
a: Dig, Shaft Self, Renounce Religion, Depart the Abyss, Bend Space, Banish


You were on level 4 of the Dungeon.
You worshipped Lugonu.
Lugonu was most pleased with you.
You visited 1 branch of the dungeon, and saw 4 of its levels.
You visited the Abyss 1 time.

You collected 177 gold pieces.

Inventory:

Hand Weapons
 a - a +1 hand axe (weapon)
Missiles
 c - 40 stones
 k - 4 poisoned darts (quivered)
Armour
 i - a +0 plate armour (worn)
 j - a +0 pair of boots (worn)
 n - a +0 cloak (worn)
Jewellery
 s - a ring of flight (left hand)
Scrolls
 f - 5 scrolls of blinking {unknown}
 g - 2 scrolls of fog {unknown}
 h - a scroll of noise {unknown}
 l - 3 scrolls of identify {unknown}
 m - a scroll of summoning {unknown}
 p - a scroll of amnesia {unknown}
 r - 2 scrolls of teleportation {unknown}
 t - a scroll of enchant armour {unknown}
 u - a scroll of vulnerability {unknown}
 x - a scroll of fear {unknown}
Potions
 b - a potion of flight
 e - a potion of brilliance
 o - a potion of might {unknown}
 q - a potion of attraction {unknown}
 v - 2 potions of curing
 w - a potion of cancellation {unknown}


   Skills:
 + Level 4.0 Fighting
 + Level 3.4 Axes
 + Level 3.0 Armour
 + Level 1.5 Dodging
 + Level 0.6 Stealth
 * Level 3.2 Invocations


You had 4 spell levels left.
You didn't know any spells.
Your spell library contained the following spells:

 Spells                   Type           Power      Damage    Failure   Level
 Ensorcelled Hibernation  Hex/Ice        0%         N/A       100%        2
 Confusing Touch          Hex            0%         N/A       100%        3
 Spider Form              Tmut/Pois      0%         N/A       100%        3
 Anguish                  Hex/Necr       0%         N/A       100%        4
 Yara's Violent Unravell  Hex/Tmut       0%         3d3       100%        5
 Enfeeble                 Hex            0%         N/A       100%        7


Dungeon Overview and Level Annotations

Branches:
Dungeon (4/15)
 Temple: D:4-7

Altars:
Ashenzari
Dithmenos
Kikubaaqudgha

Shops:
D:2 (


Innate Abilities, Weirdness & Mutations

You cannot be hasted, slowed, berserked, paralysed or teleported.
You can dig through walls and to a lower floor.
You have a pair of large antennae on your head. (SInv)
Your four strong arms can wield two-handed weapons with a shield.


Message History

The iguana is moderately wounded.
The iguana completely misses you.
You completely miss the iguana.
The iguana is moderately wounded.
The iguana bites you!
You hit the iguana but do no damage.
The iguana is moderately wounded.
The iguana closely misses you.
You hit the iguana.
The iguana is heavily wounded.
The iguana bites you but does no damage.
The iguana completely misses you.
You hit the iguana.
The iguana is heavily wounded.
The iguana bites you!
You closely miss the iguana.
The iguana is heavily wounded.
The iguana bites you!
You barely miss the iguana.
The iguana is heavily wounded.
The iguana bites you.
* * * LOW HITPOINT WARNING * * *
You hit the iguana.
The iguana is heavily wounded.
The iguana bites you!
* * * LOW HITPOINT WARNING * * *
Okay, then.
Press: ? - help, v - describe, . - travel
Here: an iguana (heavily wounded)
The floor, spattered with blood.
You hit the iguana but do no damage.
The iguana is heavily wounded.
The iguana barely misses you.
You hit the iguana.
The iguana is almost dead.
The iguana barely misses you.
You hit the iguana.
The iguana is almost dead.
The iguana bites you!
You die...

####### ## #..... .#
# ##...####.####
#...##.......<....#
#.....l@....##......#
# { ...####..####
..#.#.# . #..# ..# #
. #... ..# { ##+##
#.. .## ##. .{# . #.#
# #.##.#...


You could see an iguana.

Vanquished Creatures
  An orc priest (D:3)
  An orc wizard (D:3)
  2 gnolls
  An adder (D:2)
  3 dart slugs
  3 orcs (D:3)
  3 ball pythons
  3 bats
  2 endoplasms
  A giant cockroach (D:3)
  5 goblins
  5 hobgoblins
  5 jackals (D:2)
  6 kobolds
  A quokka (D:2)
  2 frilled lizards
  3 rats
47 creatures vanquished.

Notes
Turn   | Place    | Note
-------+----------+-------------------------------------------
     0 | Abyss:1  | monsoonserge the Formicid Abyssal Knight began the quest
                  | for the Orb.
     0 | Abyss:1  | Reached XP level 1. HP: 18/18 MP: 2/2
     2 | Abyss:1  | Found a corrupted altar of Lugonu.
    26 | D:1      | Escaped the Abyss
   476 | D:1      | Reached XP level 2. HP: 12/25 MP: 3/3
   882 | D:2      | Found Ateaczuts's Antique Weapon Shoppe.
  1097 | D:2      | Reached skill level 1 in Dodging
  1133 | D:2      | Reached XP level 3. HP: 24/30 MP: 4/4
  1196 | D:2      | Found a faded altar of an unknown god.
  1727 | D:2      | Reached *** piety under Lugonu
  1968 | D:3      | Reached XP level 4. HP: 36/37 MP: 4/6
  2137 | D:3      | Reached skill level 4 in Fighting
  2138 | D:3      | Reached XP level 5. HP: 11/42 MP: 7/7
  2383 | D:3      | Identified the +2 leather armour "Semis" {Harm Rampage Fly
                  | Slay-2}
  2388 | D:3      | Found a shadowy altar of Dithmenos.
  2682 | D:3      | Found a broken altar of Ashenzari.
  3025 | D:4      | Found an ancient bone altar of Kikubaaqudgha.
  3055 | D:4      | HP: 2/42 [gnoll bouda/+0 club (5)]
  3323 | D:4      | HP: 1/42 [iguana (11)]
  3326 | D:4      | Mangled by an iguana

Illustrated notes

Levels and vault maps discovered:
D:1:      scummos_arrival_forest, layout_rooms
D:2:      minmay_wonky_spiral, layout_loops_corners,
          shapermc_ecumenical_altar_venn, serial_shops, nicolae_shop_statue_plus
D:3:      layout_loops_ring, overflow_temple_1_default,
          nicolae_dithmenos_through_a_glass_darkly
D:4:      layout_loops_corners, cheibriados_altar_2,
          nicolae_overflow_hidden_temple, overflow_temple_1_default,
          serial_bayou_ford_a, uniq_robin, uniq_ijyb, uniq_eustachio

Skill      XL: |  1  2  3  4  5 |
---------------+----------------+-----
Dodging        | 1 |  1.5
Fighting       | 4 |  4.0
Axes           | 3 |  3.4
Invocations    | 3 |  3.2
Armour         | 3 |  3.0
Stealth        | |  0.6

Action                   |  1- 3 |  4- 6 || total
-------------------------+-------+-------++-------
Melee: Hand axe          |   115 |    84 ||   199
Invok: Bend Space        |       |     1 ||     1
  Use: Potion            |       |     5 ||     5
Armor: Leather armour    |    23 |       ||    23
       Ring mail         |    17 |       ||    17
       Chain mail        |       |    27 ||    27
       Plate armour      |       |    40 ||    40
Dodge: Dodged            |    75 |    49 ||   124
